 Dungeon Crawl Stone Soup version 0.30.1 (webtiles) character file.

Game seed: 4116038021349190836

5 tizbic2 the Shooter (level 1, 0/14 HPs)
             Began as an Octopode Hunter on July 8, 2023.
             Frozen to death by an endoplasm (3 damage)
             ... on level 1 of the Dungeon.
             The game lasted 00:00:24 (60 turns).

tizbic2 the Shooter (Octopode Hunter)                 Turns: 60, Time: 00:00:24

Health: 0/14       AC:  1    Str: 10    XL:     1   Next: 80%
Magic:  1/1        EV: 13    Int: 11    God:
Gold:   17         SH:  0    Dex: 15    Spells: 0/0 levels left

rFire   . . .        (no weapon)
rCold   . . .        (no shield)
rNeg    . . .        (helmet restricted)
rPois   .            (no amulet)
rElec   .            (no ring)
rCorr   .            (no ring)
SInv    .            (no ring)
Will    .....        (no ring)
Stlth   +++          (no ring)
HPRegen 0.22/turn    (no ring)
MPRegen 0.07/turn    (no ring)
                     (no ring)

%: no passive effects
@: no status effects
A: almost no armour, amphibious, 8 rings, camouflage 1, gelatinous body 1,
(nimble swimmer 1), tentacles
a: no special abilities


You were on level 1 of the Dungeon.
You visited 1 branch of the dungeon, and saw 1 of its levels.

You collected 17 gold pieces.

Inventory:

Hand Weapons
 a - a +0 shortbow
Scrolls
 b - a scroll of immolation


   Skills:
 + Level 2.0 Fighting
 * Level 4.1 Ranged Weapons
 + Level 2.0 Dodging
 * Level 1.9 Stealth


You couldn't memorise any spells.
You didn't know any spells.
Your spell library was empty.

Dungeon Overview and Level Annotations

Branches:
Dungeon (1/15)

Altars:


Innate Abilities, Weirdness & Mutations

You cannot wear most types of armour.
You are amphibious.
You can wear up to eight rings at the same time.
Your skin changes colour to match your surroundings (Stealth+).
Your rubbery body absorbs attacks. (AC +1, EV +1)
((You are camouflaged when in or above water. (Stealth+)))
You have tentacles for arms and can constrict up to eight enemies at once.


Message History

It's a long way down to the Orb of Zot, but that shouldn't be any trouble.
Press ? for a list of commands and other information.
Found 6 gold pieces.
Found a staircase leading out of the dungeon.
You now have 6 gold pieces.
Found 11 gold pieces.
You now have 17 gold pieces (gained 11).
A bat comes into view.
You shoot an arrow. The arrow hits the bat!
You kill the bat!
Found a stone staircase leading down.
A dart slug comes into view.
You shoot an arrow.
The arrow hits the dart slug but does no damage.
You shoot an arrow. The arrow hits the dart slug!
You kill the dart slug!
Found a leather armour.
A kobold comes into view. It is wielding a +0 club.
You shoot an arrow. The arrow completely misses the kobold.
The kobold shouts!
You hear a shout!
A goblin comes into view. It is wielding a +0 club.
The kobold barely misses you.
You shoot an arrow. The arrow barely misses the kobold.
The kobold misses you.
An endoplasm comes into view.
You shoot an arrow. The arrow closely misses the kobold.
The arrow barely misses the goblin.
The kobold hits you with a +0 club.
You are now empty-tentacled.
The kobold barely misses you. The goblin hits you with a +0 club.
You closely miss the kobold. Your grab misses the kobold.
The goblin closely misses you. The kobold hits you with a +0 club.
You barely miss the goblin. Your grab misses the goblin.
You squeeze the goblin.
You kill the goblin!
The kobold hits you with a +0 club.
* * * LOW HITPOINT WARNING * * *
You tentacle-slap the endoplasm.
The endoplasm is lightly wounded.
The endoplasm freezes you.
You are frozen.
You die...

#### .[.
##################.#####
#...............@K.....#
#.#######........J.##..#
#.#######..##..#####
#.......#..##..#
#..........##^.#
.##.....##.##...
##8.....8#.##.#†.
##.....##........
##.....##


You could see an endoplasm and a kobold.

Vanquished Creatures
  A dart slug (D:1)
  A bat (D:1)
  A goblin (D:1)
3 creatures vanquished.

Notes
Turn   | Place    | Note
-------+----------+-------------------------------------------
     0 | D:1      | tizbic2 the Octopode Hunter began the quest for the Orb.
     0 | D:1      | Reached XP level 1. HP: 14/14 MP: 1/1
    60 | D:1      | Frozen to death by an endoplasm

Illustrated notes

Levels and vault maps discovered:
D:1:      psy_arrival_heroes, layout_loops_ring, serial_shops,
          nicolae_shop_overgrown_old_shop

Action                     || total
---------------------------++-------
  Melee: Unarmed           ||     3
         Tentacles         ||     1
   Fire: Shortbow          ||     6
  Dodge: Dodged            ||     4
